cohdb
Replays
Latest Replays
All Replays
Popular Replays
Top Player Replays
Match Explorer
How It Works
Community
CoH3 Stats
Reddit
Sign in to upload your games and track your stats! →
Sign in with Steam
Match 44370716
Unlisted
Match 44370716
Overview
Messages
Build Orders
End
Construct Section Command Post
Selects Indian Artillery Battlegroup
Dingo Light Scout Car
Infantry Section
Infantry Section
Infantry Section
Construct Platoon Command Post
ML 3-inch Mortar Team
Selects War Cry
Selects Gurkha Rifles Section
Infantry Training
6-pounder Anti-tank Gun Team
AI Takeover
BOOM YOU
Balzeal
不太彳亍
花海魔术师
Gwangju's Hero Chun Doo-gwang
낭만개미
freedman1984
是枝枝吖~
0
0
Comments
sign in to comment!
No comments posted yet!